 Dungeon Crawl Stone Soup version 0.14.2 (webtiles) character file.

3 Amnesiac the Ducker (level 1, 0/11 HPs)
             Began as a Spriggan Monk on Feb 11, 2018.
             Slain by a goblin (3 damage)
             ... on Level 1 of the Dungeon.
             The game lasted 00:00:12 (168 turns).

Amnesiac the Ducker (Spriggan Monk)                  Turns: 168, Time: 00:00:13

HP   0/11        AC  2     Str  7      XL: 1   Next: 41%
MP   2/2         EV 20     Int 11      God:
Gold 0           SH  0     Dex 18      Spells:  0 memorised,  0 levels left

rFire  . . .     SeeInvis +       - Unarmed
rCold  . . .     Clarity  .     a - +0 robe
rNeg   . . .     Conserve .     (shield restricted)
rPois  .         rCorr    .     (helmet restricted)
rElec  .         rRot     .     (no cloak)
SustAb . .       Spirit   .     (gloves unavailable)
rMut   .         Warding  .     (boots unavailable)
Saprov . . .     Stasis   .     (no amulet)
MR     .....                    (no ring)
                                (no ring)

@: very quick, not resistant to hostile enchantments, stealthy
A: unfitting armour, see invisible, herbivore 3, speed 3, slow metabolism 2
a: no special abilities


You were on level 1 of the Dungeon.
You were not hungry.

You visited 1 branch of the dungeon, and saw 1 of its levels.

Inventory:

Armour
 a - a +0 robe (worn)
Scrolls
 c - a scroll of fear {!r, unknown}
 e - a scroll of fog {!r, unknown}
Jewellery
 d - an uncursed ring of protection from magic {unknown}
Potions
 b - a potion of porridge {!q}
 f - a potion of heal wounds {!q, unknown}


   Skills:
 - Level 2.4 Fighting
 + Level 4.4 Dodging
 - Level 3.0 Stealth
 * Level 3.4 Unarmed Combat


You couldn't memorise any spells.
You didn't know any spells.

Dungeon Overview and Level Annotations

Branches:
Dungeon (1/15)

Altars:


Innate Abilities, Weirdness & Mutations

You are tiny and cannot use many weapons and most armour.
You have supernaturally acute eyesight.
You are a herbivore.
You cover ground extremely quickly.
You need consume almost no food.


Message History

The ooze closely misses you.
You hit the ooze.
The ooze is severely wounded.
The ooze hits you.
You hit the ooze.
The ooze is severely wounded.
You hit the ooze.
The ooze is almost dead.
The ooze completely misses you.
You hit the ooze but do no damage.
The ooze is almost dead.
The ooze completely misses you.
You hit the ooze.
You kill the ooze!
The giant cockroach misses you.
You barely miss the giant cockroach. The giant cockroach misses you.
You hit the giant cockroach.
The giant cockroach is severely wounded.
The giant cockroach misses you.
You closely miss the giant cockroach.
The giant cockroach is severely wounded.
The giant cockroach completely misses you.
You completely miss the giant cockroach.
The giant cockroach is severely wounded.
The giant cockroach barely misses you.
You completely miss the giant cockroach.
The giant cockroach is severely wounded.
The giant cockroach completely misses you.
You closely miss the giant cockroach.
The giant cockroach is severely wounded.
The giant cockroach completely misses you.
The giant cockroach misses you.
You hit the giant cockroach.
You kill the giant cockroach!
No target in view!
You start resting.
HP restored.
You see here a giant cockroach corpse.
A goblin comes into view.
A hobgoblin comes into view. It is wielding a club.
There are monsters nearby!
There are monsters nearby!
Found 15 arrows.
The hobgoblin shouts!
A goblin comes into view. It is wielding a dagger.
The goblin shouts!
The goblin moves out of view.
Found a scroll labeled AMIELLERAFF.
You closely miss the hobgoblin. The hobgoblin misses you. The goblin hits you.
You hit the hobgoblin but do no damage. The goblin hits you.
* * * LOW HITPOINT WARNING * * *
The hobgoblin hits you but does no damage.
You hit the hobgoblin.
The hobgoblin is moderately wounded.
The goblin hits you.
* * * LOW HITPOINT WARNING * * *
The hobgoblin completely misses you.
You barely miss the hobgoblin.
The hobgoblin is moderately wounded.
The goblin closely misses you.
You hit the hobgoblin but do no damage.
The hobgoblin is moderately wounded.
The hobgoblin closely misses you. The goblin hits you.
You die...

##### #...# #...#
#...##
###.####....#####
?.....gg.........# ##
...###@........# #.
.......g.........####
#.
...###...######....#
#. #....# #....# #.
#....######....####.
(.................%..
.#...#######...###...
.#...# #...# #...
...# ##### #...


You could see a hobgoblin and 2 goblins.

Vanquished Creatures
  An ooze (D:1)
  A giant cockroach (D:1)
2 creatures vanquished.

Notes
Turn   | Place    | Note
--------------------------------------------------------------
     0 | D:1      | Amnesiac, the Spriggan Monk, began the quest for the Orb.
     0 | D:1      | Reached XP level 1. HP: 11/11 MP: 2/2
   168 | D:1      | Slain by a goblin

Action                   || total
-------------------------++-------
Melee: Unarmed           ||    20
